 Dungeon Crawl Stone Soup version 0.31-a0-210-gccc998df9b (webtiles) character file.

Game seed: 14956172556448134281

1062 qw the Chopper (level 8, -5/50 HPs)
             Began as a Gargoyle Fighter on June 29, 2023.
             Slain by a yak (9 damage)
             ... on level 5 of the Dungeon.
             The game lasted 00:01:46 (4437 turns).

qw the Chopper (Gargoyle Fighter)                   Turns: 4437, Time: 00:01:47

Health: -5/50      AC: 17    Str: 23    XL:     8   Next: 27%
Magic:  8/8        EV:  8    Int:  8    God:
Gold:   258        SH:  4    Dex:  9    Spells: 7/7 levels left

rFire   . . .        j - +0 war axe
rCold   . . .        c - +0 buckler
rNeg    + + .        p - +0 chain mail
rPois   inf          l - +0 helmet
rElec   +            (no cloak)
rCorr   .            (no gloves)
SInv    .            f - +0 pair of boots
Will    .....        q - amulet of regeneration Stlth
                     i - +4 ring of slaying {mikee}
HPRegen 1.88/turn    s - ring of positive energy
MPRegen 0.11/turn

%: no passive effects
@: about to teleport
A: sickness immunity, AC +5, negative energy resistance 1, electricity
resistance, torment resistance 1, petrification resistance, regeneration 1
a: no special abilities


You were on level 5 of the Dungeon.
You visited 1 branch of the dungeon, and saw 5 of its levels.

You collected 258 gold pieces.


Innate Abilities, Weirdness & Mutations

You are immune to sickness and miasma.
Your stone body is resilient. (AC +5)
You are immune to poison.
You resist negative energy. (rN+)
You are resistant to electric shocks. (rElec)
You are resistant to unholy torment.
You are immune to petrification.
Your natural rate of healing is unusually fast.


   Skills:
 - Level 5.4 Fighting
 + Level 7.0 Axes
 - Level 2.5 Throwing
 - Level 3.2 Armour
 - Level 2.0 Dodging
 - Level 3.2 Shields


You had 7 spell levels left.
You didn't know any spells.
Your spell library was empty.

Inventory:

Hand Weapons
 j - a +0 war axe (weapon)
 r - a +0 mace
Missiles
 o - 4 javelins (quivered)
Armour
 c - a +0 buckler (worn)
 f - a +0 pair of boots (worn)
 l - a +0 helmet (worn)
 p - a +0 chain mail (worn)
Jewellery
 i - a +4 ring of slaying (left hand) {mikee}
 q - an amulet of regeneration (around neck)
 s - a ring of positive energy (right hand)
 Y - a +6 ring of dexterity
Scrolls
 a - 4 scrolls of teleportation
 e - 2 scrolls of identify
 g - a scroll of amnesia {unknown}
Potions
 b - a potion of magic
 d - a potion of might
 h - 2 potions of mutation
 k - 2 potions of curing
 m - a potion of cancellation {unknown}
 n - a potion of heal wounds {unknown}

Dungeon Overview and Level Annotations

Branches:
Dungeon (5/15)             Temple (0/1) D:5

Altars:


Message History

You block the yak's attack. The yak gores you but does no damage.
Your Fighting skill increases to level 5!
You have reached level 8!
You feel stronger.
You barely miss the yak.
The yak is heavily wounded.
You slash the yak! You closely miss the yak. You block the yak's attack.
The yak gores you. The yak completely misses you.
You slash the yak!
The yak is almost dead.
You hit the yak but do no damage. You closely miss the yak.
You barely miss the yak. The yak misses you. The yak gores you.
The yak gores you! The yak gores you but does no damage.
You hit the yak but do no damage.
The yak is almost dead.
You barely miss the yak. You slash the yak! x2
You block the yak's attack. The yak gores you.
The yak gores you but does no damage. The yak misses you.
You barely miss the yak.
The yak is almost dead.
You hit the yak. You slash the yak! x2
The yak closely misses you. The yak gores you!
The yak gores you but does no damage. You block the yak's attack.
The yak gores you. The yak gores you but does no damage. The yak gores you!
The yak gores you but does no damage.
You slash the yak!
You kill the yak!
You hit the yak but do no damage. You slash the yak! You hit the yak.
The yak barely misses you. The yak gores you but does no damage.
The yak gores you!
Your Throwing skill increases to level 2!
4436 ||| READING 5 scrolls of teleportation.
As you read the scroll of teleportation, it crumbles to dust.
You feel strangely unstable. The yak gores you but does no damage.
The yak gores you. The yak gores you!
You slash the yak!
The yak is almost dead.
You closely miss the yak. You slash the yak!
The yak gores you but does no damage. x2; The yak gores you!
You die...

##.#...####........#
#.##.## ##.......#
#.#### ##[....## #.#
##...## #.#
########'## #.#
#........#
#.#####.######.#
####
#.%......<.###.##...
#######.##.##..@#.#
#.#.#...YYY.##
#..###.......((.Y.
#...#....##.#####Y
####.##### .# ### ..
###


You could see 3 yaks.

Vanquished Creatures
  2 yaks (D:5)
  2 black bears (D:5)
  An ogre (D:4)
  A phantom (D:5)
  A scorpion (D:3)
  A kobold brigand (D:5)
  3 orc priests (D:4)
  3 hounds
  5 adders
  A white imp (D:5)
  3 worms
  2 dart slugs
  3 orcs
  4 endoplasms
  4 giant cockroaches
  5 goblins
  10 hobgoblins
  3 jackals (D:4)
  11 kobolds
  2 quokkas
  5 ball pythons
  4 bats
  4 frilled lizards
  8 rats
88 creatures vanquished.

Notes
Turn   | Place    | Note
-------+----------+-------------------------------------------
     0 | D:1      | qw the Gargoyle Fighter began the quest for the Orb.
     0 | D:1      | Reached XP level 1. HP: 14/14 MP: 1/1
     0 | D:1      | 0 ||| qw: Version: 0.3-a-24-ga2abf7b
     0 | D:1      | 0 ||| qw: Game counter: 6895
     0 | D:1      | 0 ||| qw: Melee chars always use a shield: true
     0 | D:1      | 0 ||| qw: God list: Okawaru
     0 | D:1      | 0 ||| qw: Allow faded altars: false
     0 | D:1      | 0 ||| qw: Do Orc after clearing Dungeon:15 true
     0 | D:1      | 0 ||| qw: Do second Lair branch before Depths: true
     0 | D:1      | 0 ||| qw: Lair rune preference: random
     0 | D:1      | 0 ||| qw: Goals: Normal, Zot:1-4, Slime:5, God:TSO, Crypt,
                  | Tomb, Abyss, Pan, Hells, Win
     0 | D:1      | 0 ||| PLANNING D:1-11
    16 | D:1      | 16 ||| Stepping ~*~*~tactically~*~*~ (hiding).
    17 | D:1      | 17 ||| Stepping ~*~*~tactically~*~*~ (hiding).
    18 | D:1      | 18 ||| Stepping ~*~*~tactically~*~*~ (hiding).
   145 | D:1      | Reached skill level 2 in Axes
   307 | D:1      | Reached XP level 2. HP: 19/19 MP: 2/2
   669 | D:1      | 669 ||| DROPPING +0 club.
   723 | D:1      | Reached skill level 3 in Axes
   841 | D:1      | 841 ||| UPGRADING to +0 pair of boots.
   846 | D:1      | 846 ||| UPGRADING to +3 ring mail.
   856 | D:1      | 856 ||| DROPPING +0 scale mail.
   857 | D:1      | 857 ||| READING 4 scrolls labelled HEAFEL SOIGEK ZOGG.
   862 | D:1      | 862 ||| READING scroll labelled SEL UQOBEUMMU.
   863 | D:1      | 863 ||| READING scroll labelled REKAQU CYSK.
   864 | D:1      | 864 ||| READING 3 scrolls labelled UMURUM WIMAE.
   865 | D:1      | 865 ||| DROPPING 2 scrolls of immolation.
   907 | D:2      | Reached XP level 3. HP: 23/23 MP: 3/3
  1482 | D:2      | Reached XP level 4. HP: 26/28 MP: 4/4
  1899 | D:2      | 1899 ||| UPGRADING to +0 helmet.
  1904 | D:2      | 1904 ||| UPGRADING to +0 chain mail.
  1914 | D:2      | 1914 ||| DROPPING +3 ring mail.
  1915 | D:2      | 1915 ||| UPGRADING to amulet of regeneration.
  1920 | D:2      | 1920 ||| UPGRADING to +6 ring of dexterity.
  1921 | D:2      | 1921 ||| DROPPING ring of flight.
  1922 | D:2      | 1922 ||| READING scroll labelled XETEAH XEIM.
  2023 | D:2      | 2023 ||| READING scroll labelled LAISIXIDDE.
  2024 | D:2      | 2024 ||| DRINKING 2 fuming white potions.
  2024 | D:2      | Gained mutation: Your natural rate of healing is unusually
                  | fast. [potion of mutation]
  2052 | D:3      | 2052 ||| Stepping ~*~*~tactically~*~*~ (hiding).
  2053 | D:3      | 2053 ||| Stepping ~*~*~tactically~*~*~ (hiding).
  2179 | D:3      | 2179 ||| Stepping ~*~*~tactically~*~*~ (hiding).
  2180 | D:3      | 2180 ||| Stepping ~*~*~tactically~*~*~ (hiding).
  2181 | D:3      | 2181 ||| Stepping ~*~*~tactically~*~*~ (hiding).
  2386 | D:3      | Reached skill level 4 in Axes
  2432 | D:3      | Noticed a scorpion
  2441 | D:3      | Killed a scorpion
  2442 | D:3      | Reached XP level 5. HP: 32/32 MP: 5/5
  2472 | D:3      | Found a faded altar of an unknown god.
  2677 | D:3      | 2677 ||| READING scroll labelled ONUICEUGHUR.
  2678 | D:3      | 2678 ||| READING scroll labelled JAOL XAIDDO.
  2679 | D:3      | 2679 ||| DRINKING 3 golden potions.
  2680 | D:3      | 2680 ||| READING 2 scrolls of identify.
  2680 | D:3      | 2680 ||| IDENTIFYING lumpy blue potion
  2681 | D:3      | 2681 ||| DROPPING potion of berserk rage.
  2731 | D:4      | Reached skill level 1 in Throwing
  2857 | D:4      | Reached XP level 6. HP: 18/37 MP: 6/6
  2857 | D:4      | HP: 9/37 [orc priest/divine providence (12)]
  2858 | D:4      | 2858 ||| READING 6 scrolls of teleportation.
  2860 | D:4      | Reached skill level 5 in Axes
  2915 | D:4      | 2915 ||| Stepping ~*~*~tactically~*~*~ (hiding).
  2930 | D:4      | 2930 ||| DROPPING +0 whip.
  3477 | D:4      | 3477 ||| UPGRADING to ring of positive energy.
  3478 | D:4      | 3478 ||| READING scroll labelled NACYFA ANTO.
  3479 | D:4      | 3479 ||| READING 3 scrolls of identify.
  3479 | D:4      | 3479 ||| IDENTIFYING glowing orange potion
  3480 | D:4      | 3480 ||| READING 2 scrolls of identify.
  3480 | D:4      | 3480 ||| IDENTIFYING metallic blue potion
  3481 | D:4      | 3481 ||| DROPPING potion of ambrosia.
  3529 | D:5      | Entered Level 5 of the Dungeon
  3530 | D:5      | 3530 ||| PLANNING OSSUARY
  3575 | D:5      | Reached XP level 7. HP: 43/43 MP: 7/7
  3605 | D:5      | 3605 ||| Stepping ~*~*~tactically~*~*~ (hiding).
  3701 | D:5      | Reached skill level 6 in Axes
  3721 | D:5      | Found a staircase to the Ecumenical Temple.
  4076 | D:5      | Reached skill level 7 in Axes
  4298 | D:5      | 4298 ||| RIP OSSUARY
  4414 | D:5      | Noticed a yak
  4414 | D:5      | Noticed a yak
  4415 | D:5      | 4415 ||| PLANNING TEMPLE
  4415 | D:5      | 4415 ||| Stepping ~*~*~tactically~*~*~ (stealth).
  4416 | D:5      | 4416 ||| UPGRADING to +4 ring of slaying {mikee}.
  4421 | D:5      | Noticed a yak
  4424 | D:5      | Noticed a yak
  4425 | D:5      | Noticed a yak
  4430 | D:5      | Killed a yak
  4431 | D:5      | Reached XP level 8. HP: 49/50 MP: 8/8
  4435 | D:5      | Killed a yak
  4435 | D:5      | HP: 9/50 [yak (11)]
  4436 | D:5      | 4436 ||| READING 5 scrolls of teleportation.
  4436 | D:5      | HP: 1/50 [yak (7)]
  4437 | D:5      | Slain by a yak

Levels and vault maps discovered:
D:1:      dpeg_arrival_round_b, layout_basic
D:2:      kb_forest_paths, layout_basic, corner_web_ring
D:3:      layout_rooms, ebering_ecumenical_altar_hall
D:4:      layout_gridville, kennysheep_nub, hangedman_decor_points
D:5:      layout_loops_corners, temple_statues, nicolae_ossuary_entry_catacombs

Skill      XL: |  1  2  3  4  5  6  7  8 |
---------------+-------------------------+-----
Axes           | 2 3 4 5 7 |  7.0
Dodging        | 2 |  2.0
Throwing       | 1 2 |  2.5
Fighting       | 4 5 |  5.4
Armour         | |  3.2
Shields        | |  3.2

Action                     |  1- 3 |  4- 6 |  7- 9 || total
---------------------------+-------+-------+-------++-------
  Melee: War axe           |   126 |    68 |    54 ||   248
  Throw: Javelin           |    14 |    30 |    20 ||    64
    Use: Scroll            |     4 |     9 |     1 ||    14
         Potion            |       |     2 |       ||     2
 Armour: Scale mail        |    36 |       |       ||    36
         Ring mail         |    34 |     4 |       ||    38
         Chain mail        |       |    31 |    40 ||    71
  Dodge: Dodged            |    48 |    23 |    26 ||    97
  Block: Buckler           |    21 |    10 |    14 ||    45

Table legend:
 A = Non-vault XP
 B = Vault XP
 C = Vault XP percentage of total XP
 D = Non-vault monster count
 E = Vault monster count
 F = Vault count percentage of total count
                 A         B        C        D         E       F
            +---------+---------+-------+---------+---------+-------
      Total |    1498 |      20 |   1.3 |      82 |       6 |   6.8
            +---------+---------+-------+---------+---------+-------
        D:1 |      30 |       0 |   0.0 |      19 |       0 |   0.0
        D:2 |      54 |      20 |  27.0 |      16 |       6 |  27.3
        D:3 |     121 |       0 |   0.0 |      15 |       0 |   0.0
        D:4 |     343 |       0 |   0.0 |      13 |       0 |   0.0
        D:5 |     950 |       0 |   0.0 |      19 |       0 |   0.0
            +---------+---------+-------+---------+---------+-------
